 Dungeon Crawl Stone Soup version 0.16.1-25-gbcee3f8 (webtiles) character file.

1369 Krapule the Archer (level 8, -1/91 HPs)
             Began as a Centaur Hunter on May 18, 2015.
             Was a Believer of Qazlal.
             Slain by a goliath beetle (6 damage)
             ... on level 6 of the Dungeon.
             The game lasted 00:40:47 (7604 turns).

Krapule the Archer (Centaur Hunter)                 Turns: 7604, Time: 00:40:48

Health: -1/91      AC: 29    Str: 14    XL:     8   Next: 38%
Magic:  12/12      EV:  1    Int: 10    God:    Qazlal [**....]
Gold:   239        SH:  3    Dex: 13    Spells: 0 memorised, 7 levels left

rFire  . . .     SeeInvis .     a - +0 flail (protect)
rCold  . . .     Clarity  .     d - melded +0 leather armour
rNeg   + + +     SustAb   .     (no shield)
rPois  +         Gourm    .     s - melded +2 hat
rElec  .         Spirit   .     (cloak currently unavailable)
rCorr  .         Warding  .     (gloves currently unavailable)
rMut   .         NoTele   +     (no barding)
MR     +....                    (no amulet)
Stlth  +.........               (no ring)
                                k - ring of protection from magic

@: lethally poisoned (-1 -> -4), tree-form, somewhat resistant to hostile
enchantments, very unstealthy
A: (hooves 0), (deformed body), (speed 0), (tough skin 0)
a: Upheaval, Renounce Religion


You were on level 6 of the Dungeon.
You worshipped Qazlal.
Qazlal was pleased with you.
You were not hungry.
You were a tree.
You visited 1 branch of the dungeon, and saw 6 of its levels.

You collected 239 gold pieces.

Inventory:

Hand weapons
 a - a +0 flail of protection (weapon)
 b - a +1 shortbow
 n - a +0 halberd
 o - a +0 flail of holy wrath
Missiles
 c - 147 arrows
Armour
 d - a +0 leather armour (melded)
 s - a +2 hat (melded)
Jewellery
 k - a ring of protection from magic (left branch)
Scrolls
 e - 3 scrolls of remove curse
 g - a scroll of recharging
 h - 8 scrolls of identify
 i - 3 scrolls of teleportation
Potions
 p - a potion of mutation {unknown}
 r - a potion of cure mutation {unknown}
Books
 l - a Grand Grimoire {highlevel, unknown}

   This book is beyond your current level of understanding.

   Spells                             Type                      Level
   a - Aura of Abjuration             Summoning                    6
   b - Summon Greater Demon           Summoning                    7
   c - Malign Gateway                 Summoning/Translocation      7
   d - Summon Horrible Things         Summoning                    8
 t - a book of the Sky

   Spells                             Type                      Level
   a - Flight                         Charms/Air                   3
   b - Airstrike                      Air                          4
   c - Silence                        Hexes/Air                    5
   d - Deflect Missiles               Charms/Air                   6
   e - Conjure Ball Lightning         Conjuration/Air              6
   f - Tornado                        Air                          9
Comestibles
 f - 3 bread rations
 m - 3 beef jerkies
 q - 2 meat rations


   Skills:
 - Level 2.0 Fighting
 + Level 9.1 Bows
 + Level 3.8 Armour
 + Level 4.3 Dodging
 - Level 0.5 Stealth
 + Level 4.0 Invocations


You had 7 spell levels left.
You didn't know any spells.

Dungeon Overview and Level Annotations

Branches:
Dungeon (6/15)
 Temple: D:4-7

Altars:
Ashenzari
Cheibriados
Fedhas
Kikubaaqudgha
Qazlal
Xom

Annotations:
D:6 Sigmund


Innate Abilities, Weirdness & Mutations

((You have hooves in place of feet.))
((Armour fits poorly on your strangely shaped body.))
((You cover ground very quickly.))
((You have extremely tough skin (AC +3).))


Message History

You feel sick. The adder bites you but does no damage.
You block the adder's attack.
You closely miss the adder.
The adder is moderately wounded.
You feel sick. The adder barely misses you. The goliath beetle bites you!
* * * LOW HITPOINT WARNING * * *
The adder bites you but does no damage.
You closely miss the adder.
The adder is moderately wounded.
You feel sick. The adder bites you but does no damage.
You barely miss the adder.
The adder is moderately wounded.
You feel sick. The adder bites you but does no damage.
The adder bites you but does no damage.
The goliath beetle bites you but does no damage.
You hit the adder but do no damage.
The adder is lightly wounded.
The adder bites you but does no damage. x2
The goliath beetle bites you.
You die...

##..# #.... ##...#
##...# #....#
##...# #...###...#
. #........## ...
##...<...# ..
##......## ##.#
#........####S..##
#..####....B♣....#
#..## ##...§.....#
#..## ##....###..#
#..# #....## ..#
#..# #.....# . ...
#..##..# . ## ##.#
.


You could see a goliath beetle and an adder.

Vanquished Creatures
  The ghost of EmilioHeskey the Fighter, an experienced OgBe of Trog (D:5)
  2 giant frogs
  2 scorpions
  A crimson imp (D:5)
  A giant frog zombie (D:5)
  A hound (D:4)
  2 giant frog skeletons (D:4)
  An iguana (D:5)
  An orc wizard (D:5)
  4 worker ants
  8 adders
  10 gnolls
  2 worms
  5 giant geckos
  2 oozes
  8 orcs
  2 ball pythons
  4 bat zombies
  19 goblins
  12 hobgoblins
  7 jackals
  8 quokkas
  13 bats
  4 giant cockroaches
  A giant gecko skeleton (D:5)
  7 giant newts
  14 kobolds
  14 rats
  2 rat zombies (D:3)
  A plant (D:1)
159 creatures vanquished.

Notes
Turn   | Place    | Note
--------------------------------------------------------------
     0 | D:1      | Krapule, the Centaur Hunter, began the quest for the Orb.
     0 | D:1      | Reached XP level 1. HP: 17/17 MP: 1/1
   173 | D:1      | Reached XP level 2. HP: 5/24 MP: 2/2
   908 | D:1      | Reached skill level 6 in Bows
   922 | D:1      | Reached skill level 1 in Armour
   922 | D:1      | Reached XP level 3. HP: 21/29 MP: 3/3
  2047 | D:2      | Reached XP level 4. HP: 19/36 MP: 3/3
  2623 | D:2      | Reached XP level 5. HP: 39/41 MP: 4/4
  3143 | D:3      | Found a blossoming altar of Fedhas.
  3342 | D:3      | Found a stormy altar of Qazlal.
  3346 | D:3      | Became a worshipper of Qazlal Stormbringer
  3941 | D:3      | Acquired Qazlal's first power
  3956 | D:3      | Found an ancient bone altar of Kikubaaqudgha.
  4383 | D:4      | Found a snail-covered altar of Cheibriados.
  4424 | D:4      | Reached skill level 7 in Bows
  4424 | D:4      | Reached XP level 6. HP: 23/48 MP: 5/5
  4610 | D:4      | Found a shattered altar of Ashenzari.
  4811 | D:4      | Reached skill level 1 in Invocations
  5559 | D:4      | Acquired Qazlal's second power
  5598 | D:4      | Reached XP level 7. HP: 46/55 MP: 6/6
  5957 | D:5      | Entered Level 5 of the Dungeon
  6218 | D:5      | Noticed EmilioHeskey's ghost (experienced OgBe)
  6339 | D:5      | Killed EmilioHeskey's ghost
  6339 | D:5      | Reached skill level 8 in Bows
  6339 | D:5      | Reached XP level 8. HP: 43/61 MP: 8/11
  6923 | D:5      | Reached skill level 9 in Bows
  7333 | D:6      | Noticed Sigmund
  7544 | D:6      | Found a shimmering altar of Xom.
  7545 | D:6      | Found a shimmering altar of Xom.
  7579 | D:6      | Found a shimmering altar of Xom.
  7603 | D:6      | HP: 4/91 [poisoned by a killer bee]
  7604 | D:6      | Slain by a goliath beetle

Action                   |  1- 3 |  4- 6 |  7- 9 || total
-------------------------+-------+-------+-------++-------
Melee: Short sword       |   212 |   161 |       ||   373
       Flail             |       |    57 |   102 ||   159
       Halberd           |       |     2 |       ||     2
       Shortbow          |       |       |     1 ||     1
 Fire: Shortbow          |    19 |    90 |    60 ||   169
  Use: Potion            |     1 |     2 |     2 ||     5
       Scroll            |       |     6 |     2 ||     8
  Eat: Chunk             |     3 |     9 |     5 ||    17
